Unix NetHack Version 3.7.0-59 Work-in-progress - last build Jun 15 2022 22:00:42 (ba19de5de9b105df43ec81f7b8aaf5e01ff60ae8,branch:master). Game began 2022-06-10 23:34:57, ended 2022-06-17 21:55:54. Lawliet, lawful male human Samurai ----- ....| |...| |..(| |....##f@## |...| |.... ---.- Lawliet the Ninja St:15 Dx:16 Co:17 In:10 Wi:9 Ch:6 Lawful Dlvl:7 $:2182 HP:0(81) Pw:27(27) AC:0 Exp:8 T:11283 Latest messages: You have a little trouble lifting j - a scroll labeled ANDOVA BEGARIN. You have a little trouble lifting m - a potion called bubbly 150/200. You have a little trouble lifting o - a potion called orange 300. Your movements are slowed slightly because of your load. What do you want to drop? [$a-fj-mo-qtwBQU or ?*] ? What do you want to drop? [$a-fj-mo-qtwBQU or ?*] Never mind. What do you want to drop? [$a-fj-mo-qtwBQU or ?*] ? What do you want to drop? [$a-fj-mo-qtwBQU or ?*] ? You drop a pink spellbook. Your movements are now unencumbered. What do you want to write with? [- acdft or ?*] - You write in the dust with your fingertip. What do you want to write in the dust here? Elbereth The jaguar turns to flee. You have a little trouble lifting a pink spellbook. Continue? [ynq] (q) q What do you want to use or apply? [kpqtB or ?*] p You now wield an uncursed pick-axe. In what direction do you want to dig? [ykulnjb>] l You start digging. You hit the rock with all your might. You succeed in cutting away some rock. You have a little trouble lifting a pink spellbook. Continue? [ynq] (q) q You stop digging. You continue digging. You hit the rock with all your might. You succeed in cutting away some rock. Something is written here in the dust. You read: "El|e e?n". You see here a pink spellbook. The jaguar misses! The jaguar hits! The jaguar misses! You begin bashing monsters with your pick-axe. You hit the jaguar. What do you want to wield? [- acdp or ?*] a a - a +0 katana (weapon in hand). The jaguar hits! The jaguar just misses! The jaguar bites! You hit the jaguar! The jaguar hits! The jaguar misses! The jaguar bites! You die... Do you want your possessions identified? [ynq] (y) y Do you want to see your attributes? [ynq] (y) y Do you want an account of creatures vanquished? [ynaq] (y) y Do you want to see your conduct and achievements? [ynq] (y) y Do you want to see the dungeon overview? [ynq] (y) y Major events: Turn 1: Lawliet the lawful male human Samurai entered the dungeon 684: attained the rank of Ronin (level 3) 1535: entered the Gnomish Mines 2731: destroyed nmlkj's ghost, the former Conjurer 3237: attained the rank of Ninja (level 6) 6000: reached Mine Town 11283: killed by a jaguar Inventory: Coins $ - 2182 gold pieces Weapons d - 18 +0 ya (in quiver) c - a +0 yumi (alternate weapon; not wielded) a - a +0 katana (weapon in hand) Armor Q - a blessed +0 dwarvish iron helm (being worn) U - an uncursed +0 pair of water walking boots (being worn) l - an uncursed +0 cloak of magic resistance (being worn) e - a blessed rustproof +0 splint mail (being worn) Comestibles q - 2 uncursed cream pies w - 3 uncursed gunyoki Scrolls j - an uncursed scroll of punishment Potions o - an uncursed potion of gain ability m - an uncursed potion of gain energy Wands t - a wand of digging (0:1) Tools B - an uncursed brass lantern p - a +0 pick-axe k - a cursed skeleton key Gems/Stones f - 2 uncursed worthless pieces of violet glass Lawliet the Samurai's attributes: Background: You were a Ninja, a level 8 male human Samurai. You were lawful, on a mission for Amaterasu Omikami who was opposed by Raijin (neutral) and Susanowo (chaotic). You were in the Dungeons of Doom, on level 7. You entered the dungeon 11283 turns ago. You had 2236 experience points, 324 more were needed to attain level 9. Basics: You had 0 out of 81 hit points. You had all 27 energy points (spell power). Your armor class was 0. Your wallet contained 2182 zorkmids. Autopickup was off. Final Characteristics: Your strength was 15 (peak:16, limit:18/100). Your dexterity was 16 (peak:17, limit:18). Your constitution was 17 (peak:18, limit:18). Your intelligence was 10 (limit:18). Your wisdom was 9 (limit:18). Your charisma was 6 (limit:18). Final Status: You were not hungry. You were unencumbered. You were wielding a long sword. You had expert skill with long sword. Final Attributes: You were piously aligned. You were magic-protected. You were fire resistant. You were poison resistant. You were telepathic. You could walk on water. You were warded. You were fast. You are dead. Miscellaneous: You encountered 1 bones level. Total elapsed playing time was 2 hours, 49 minutes and 14 seconds. Vanquished creatures: a ghost a large mimic a quivering blob a lizard a blue jelly a dust vortex a raven a Woodland-elf a soldier ant a fire ant a quasit 8 Mordor orcs 3 rock piercers 2 rock moles 5 ponies a fog cloud 2 yellow lights a shrieker 4 violet fungi 14 gnome leaders a kobold mummy 2 gray oozes 3 ghouls 2 paper golems 9 giant ants 3 little dogs 5 floating eyes a kitten 5 dwarves 2 homunculi 2 kobold leaders 9 hill orcs a rabid rat a centipede 3 giant bats a monkey 4 dwarf zombies a wererat a werejackal 2 iguanas 3 killer bees 5 acid blobs 2 coyotes a hobbit 6 manes 3 large kobolds 5 giant rats 3 cave spiders a brown mold 5 yellow molds a red mold 34 gnomes 9 geckos 5 jackals a fox 2 kobolds 4 goblins 2 sewer rats 5 grid bugs a bat 9 lichens a kobold zombie 9 newts 226 creatures vanquished. No species were genocided or became extinct. Voluntary challenges: You read items or engraved 12 times. You engraved Elbereth 6 times. You never genocided any monsters. You never polymorphed an object. You never changed form. You used no wishes. Achievements: You attained the rank of Ronin. You entered a shop. You entered the Gnomish Mines. You attained the rank of Ninja. You entered Minetown. You entered a temple. The Dungeons of Doom: levels 1 to 7 Level 1: Level 2: An altar to Amaterasu Omikami. Level 3: A general store, a sink. Level 4: A general store. Stairs down to The Gnomish Mines. Level 5: "vault" A grave. Level 6: A throne. Level 7: <- You were here. Final resting place for you, killed by a jaguar. The Gnomish Mines: levels 5 to 9 Level 5: Final resting place for nmlkj-Wiz-Hum-Mal-Neu, killed by a falling rock. Level 6: Level 7: Level 8: Some shops, a temple, some fountains, some trees. Level 9: Game over: ---------- / \ / REST \ / IN \ / PEACE \ / \ | Lawliet | | 2182 Au | | killed by a | | jaguar | | | | | | 2022 | *| * * * | * _________)/\\_//(\/(/\)/\//\/|_)_______ Sayonara Lawliet the Samurai... You died in The Dungeons of Doom on dungeon level 7 with 11338 points, and 2182 pieces of gold, after 11283 moves. You were level 8 with a maximum of 81 hit points when you died.